 Dungeon Crawl Stone Soup version 0.29-a0-885-gb26ba3297d (webtiles) character file.

Game seed: 2917903219124975753

203 kae the Changer (level 5, -6/40 HPs)
             Began as a Draconian Transmuter on July 20, 2022.
             Mangled by an orc
             ... wielding a +0 flail
              (7 damage)
             ... on level 3 of the Dungeon.
             The game lasted 00:02:03 (2881 turns).

kae the Changer (Draconian Transmuter)              Turns: 2881, Time: 00:02:03

Health: -6/40      AC:  5    Str: 12    XL:     5   Next: 51%
Magic:  4/8        EV: 12    Int: 15    God:
Gold:   71         SH:  0    Dex: 12    Spells: 2/8 levels left

rFire   . . .      SeeInvis .     - Unarmed
rCold   . . .      Faith    .   (no shield)
rNeg    . . .      Spirit   .   (body armour unavailable)
rPois   .          Reflect  .   (helmet restricted)
rElec   .          Harm     .   (no cloak)
rCorr   .          Rampage  .   (no gloves)
Will    .....                   (no boots)
Stlth   +.........              (no amulet)
HPRegen 0.13/turn               (no ring)
MPRegen 0.11/turn               (no ring)

@: lethally poisoned (-6 -> -10)
A: AC +5, unfitting armour, cold-blooded
a: no special abilities


You were on level 3 of the Dungeon.
You visited 1 branch of the dungeon, and saw 4 of its levels.

You collected 201 gold pieces.
You spent 130 gold pieces at shops.


Innate Abilities, Weirdness & Mutations

Your plain brown scales are hard. (AC +5)
You cannot fit into any form of body armour.
You are cold-blooded and may be slowed by cold attacks.


   Skills:
 - Level 1.1 Fighting
 - Level 1.7 Dodging
 - Level 3.0 Unarmed Combat
 - Level 2.0 Spellcasting
 + Level 4.4 Transmutations
 * Level 3.5 Poison Magic


You had 2 spell levels left.
You knew the following spells:

 Your Spells              Type           Power      Damage    Failure   Level
a - Beastly Appendage     Tmut           28%        N/A       3%          1
b - Wereblood             Tmut           14%        N/A       5%          2
c - Spider Form           Tmut/Pois      13%        N/A       13%         3

Your spell library contained the following spells:

 Spells                   Type           Power      Damage    Failure   Level
 Static Discharge         Conj/Air       1%         3-4/arc   32%         2
 Ice Form                 Ice/Tmut       8%         N/A       65%         4
 Lightning Bolt           Conj/Air       0%         1d11      99%         5
 Maxwell's Capacitive Co  Air            0%         ∞         100%        8

Inventory:

Missiles
 c - 18 stones
 e - 3 throwing nets {=f!f}
Wands
 d - a wand of roots (8)
   (You found it on level 3 of the Dungeon)
Scrolls
 g - 2 scrolls of blinking {unknown}
 h - a scroll of identify {unknown}
 k - 2 scrolls of vulnerability {unknown}
 n - a scroll of acquirement {unknown}
Potions
 a - 2 potions of lignification {!q}
 b - a potion of invisibility {unknown}
 f - 2 potions of attraction {unknown}
 i - 2 potions of flight {unknown}
 j - 2 potions of heal wounds {@q2}
 l - 2 potions of mutation {unknown}
 m - a potion of curing {@q1}
 o - a potion of might

Dungeon Overview and Level Annotations

Branches:
Dungeon (4/15) Zot: 21124
 Temple: D:4-7

Altars:
Okawaru

Shops:
D:2 ( D:3

! #..#.#.#.#.#.####.##..)#.#.#.#
#..#.#.#.#.#.####.##.......#.#
#..#......................<#.##
.......###.#...##.#...........#
#..#...##....................###
#..#...###.#.........#.........#
#..#...##.........#..........#.#
.................o#..###.#...#.#
...............)@##..###.#...#.#
...............###...........#.#
...............# #.##....##.##.#
...............# #.##.##.##.##.#
...............###.##.##.##.##.#
....#..####.#.......#.##.##.##.#
............##.###.##.##.##.##.#
##..#..........# #.##..........#
....#..###########.##..#.##.##.#


You could see an orc (poisoned).


Message History

You hit the kobold.
You kill the kobold!
Things that are here:
a +0 club; a kobold corpse You start resting.
Your horns disappear.
Your talons disappear. 😕 HP[+7]
You regained 7 hp, and now have 23/28 hp.
There is a stone staircase leading down here.
You start resting. 😎 HP[+5]
Your hp is fully restored (28).
You climb downwards.
The quokka bites you but does no damage. x2
There is a stone staircase leading up here.
Casting: Beastly Appendage (safe; 4% risk of failure)
Confirm with . or Enter, or press ? or * to list all spells.
The spell is quite dangerous to miscast (22% risk of failure)!
Continue anyway? [Y]es or [N]o only, please.
The spell is quite dangerous to miscast (22% risk of failure)!
Continue anyway?
You turn into a venomous arachnid creature.
The quokka bites you. 😕 HP[-1] MP[-3]
You take 1 damage, and now have 27/28 hp.
You lost 3 mp, and now have 3/6 mp.
You closely miss the quokka. The quokka bites you. 😕 HP[-1]
You take 1 damage, and now have 26/28 hp.
You bite the quokka!
You kill the quokka!
The centaur wields a +0 shortbow.
The centaur shoots an arrow.
The arrow barely misses you.
Your transformation is almost over.
The centaur unwields a +0 shortbow.
The centaur closely misses you. x2
You see here a quokka corpse.
You bite the centaur!
The centaur is poisoned.
The centaur barely misses you. The centaur closely misses you.
The centaur misses you. The centaur completely misses you.
You hit the centaur.
The centaur looks as sick as possible!
The centaur closely misses you. The centaur barely misses you.
You completely miss the centaur.
You kill the centaur!
Your Transmutations skill increases to level 4!
Your Poison Magic skill increases to level 2!
You have reached level 4!
You feel agile.
You have reached level 5! 😕 HP[+12]
You now have 40 max hp (+12).
You regained 12 hp, and now have 38/40 hp.
You hit the scorpion but do no damage.
The scorpion is poisoned.
The scorpion completely misses you.
You hit the scorpion.
The scorpion looks as sick as possible!
The scorpion stings you.
You are poisoned.
The scorpion poisons you! 😕 HP[-5]
You take 5 damage, and now have 33/40 hp.
You hit the scorpion.
The scorpion looks as sick as possible!
You feel very sick.
You kill the scorpion!
Your Poison Magic skill increases to level 3! 😮 HP[-5]
You take 5 damage, and now have 28/40 hp.
You hit the orc but do no damage.
The orc is poisoned.
You feel very sick. The orc hits you with a +0 flail!
* * * LOW HITPOINT WARNING * * *
😨 HP[-12] MP[+1]
You take 12 damage, and now have 16/40 hp.
MASSIVE DAMAGE!! (PAUSE)
The orc attacks as you move away! The orc completely misses you.
Your transformation has ended.
* * * LOW HITPOINT WARNING * * *
You feel very sick.
There is a stone staircase leading up here. 😨 HP[-3]
You take 3 damage, and now have 13/40 hp.
* * * LOW HITPOINT WARNING * * *
You feel very sick. The orc barely misses you.
You climb upwards.
* * * LOW HITPOINT WARNING * * *
You feel very sick.
There is a stone staircase leading down here.
Unknown command. 😱 HP[-6]
You take 6 damage, and now have 7/40 hp.
Unknown command.
You barely miss the orc.
You tail-slap the orc, but do no damage.
* * * LOW HITPOINT WARNING * * *
You feel sick. The orc hits you with a +0 flail.
* * * LOW HITPOINT WARNING * * *
😱 HP[-5]
You take 5 damage, and now have 2/40 hp.
You hit the orc but do no damage.
* * * LOW HITPOINT WARNING * * *
You feel sick. The orc hits you with a +0 flail!
You die...

Skill      XL: |  1  2  3  4  5 |
---------------+----------------+-----
Transmutations | 3 4 |  4.4
Poison Magic   | 2 3 |  3.5
Fighting       | |  1.1
Dodging        | |  1.7
Unarmed Combat | |  3.0
Spellcasting   | |  2.0

Action                   |  1- 3 |  4- 6 || total
-------------------------+-------+-------++-------
Melee: Unarmed           |   112 |     6 ||   118
       Kick              |    25 |       ||    25
       Headbutt          |    10 |       ||    10
       Tailslap          |    11 |     1 ||    12
 Cast: Beastly Appendage |    30 |       ||    30
       Spider Form       |     1 |       ||     1
  Use: Scroll            |     1 |       ||     1
 Stab: Sleeping          |     1 |       ||     1
Armor: Skin              |    47 |       ||    47
Dodge: Dodged            |    80 |     3 ||    83

Levels and vault maps discovered:
D:1:      dpeg_arrival_pits, layout_basic
D:2:      layout_loops_corners, serial_shops, nicolae_lakefront_shop
D:3:      layout_basic, okawaru_ov_weapons_minmay, serial_shops, shop
D:4:      layout_basic, eat_drink_and_be_merry_uskayaw, tso_oasis_becter,
          temple_fountains, uniq_edmund

Notes
Turn   | Place    | Note
-------+----------+-------------------------------------------
     0 | D:1      | kae the Draconian Transmuter began the quest for the Orb.
     0 | D:1      | Reached XP level 1. HP: 16/16 MP: 3/3
     0 | D:1      | magus.rc [v1.11.3]
   397 | D:1      | Reached XP level 2. HP: 22/23 MP: 3/5
   458 | D:1      | Learned a level 2 spell: Wereblood
   947 | D:2      | Reached skill level 3 in Transmutations
  1163 | D:2      | Found Linwipp's Antique Weapon Boutique.
  1990 | D:3      | Reached XP level 3. HP: 25/28 MP: 4/6
  1994 | D:3      | Learned a level 3 spell: Spider Form
  2078 | D:3      | Found an iron altar of Okawaru.
  2238 | D:3      | Found Merchixt's Distillery.
  2247 | D:3      | Bought a potion of curing for 30 gold pieces
  2247 | D:3      | Bought a potion of heal wounds for 50 gold pieces
  2247 | D:3      | Bought a potion of might for 40 gold pieces
  2247 | D:3      | Bought a potion of degeneration for 10 gold pieces
  2304 | D:3      | Reached skill level 1 in Poison Magic
  2331 | D:3      | You pick up a book of Lightning and begin reading...
  2331 | D:3      | You add the spells Static Discharge, Lightning Bolt and
                  | Maxwell's Capacitive Coupling to your library.
  2706 | D:4      | Noticed a centaur
  2709 | D:4      | Noticed a scorpion
  2872 | D:4      | Killed a centaur
  2873 | D:4      | Reached skill level 4 in Transmutations
  2873 | D:4      | Reached skill level 2 in Poison Magic
  2873 | D:4      | Reached XP level 4. HP: 33/35 MP: 3/7
  2873 | D:4      | Reached XP level 5. HP: 38/40 MP: 3/8
  2876 | D:4      | Reached skill level 3 in Poison Magic
  2878 | D:4      | HP: 10/40 [poisoned by a scorpion]
  2880 | D:3      | HP: 2/40 [orc/+0 flail (4)]
  2881 | D:3      | Mangled by an orc

Vanquished Creatures
  A centaur (D:4)
  A scorpion (D:4)
  2 adders (D:3)
  A dart slug (D:3)
  An orc (D:3)
  2 bats
  2 endoplasms
  3 giant cockroaches
  3 goblins
  6 hobgoblins
  4 quokkas
  5 ball pythons
  A frilled lizard (D:2)
  5 kobolds
  2 rats
39 creatures vanquished.

Table legend:
 A = Non-vault XP
 B = Vault XP
 C = Vault XP percentage of total XP
 D = Non-vault monster count
 E = Vault monster count
 F = Vault count percentage of total count
                 A         B        C        D         E       F
            +---------+---------+-------+---------+---------+-------
      Total |     291 |       0 |   0.0 |      39 |       0 |   0.0
            +---------+---------+-------+---------+---------+-------
        D:1 |      18 |       0 |   0.0 |      11 |       0 |   0.0
        D:2 |      20 |       0 |   0.0 |      12 |       0 |   0.0
        D:3 |      49 |       0 |   0.0 |      13 |       0 |   0.0
        D:4 |     204 |       0 |   0.0 |       3 |       0 |   0.0
            +---------+---------+-------+---------+---------+-------

Illustrated notes

Table legend:
 A = Kills in this place as a percentage of kills in entire the game.
 B = Kills by you in this place as a percentage of kills by you in the entire game.
 C = Kills by friends in this place as a percentage of kills by friends in the entire game.
 D = Other kills in this place as a percentage of other kills in the entire game.
 E = Experience gained in this place as a percentage of experience gained in the entire game.
 F = Experience gained in this place divided by the number of levels of this place that you have seen.
                   A       B       C       D       E      F
               +-------+-------+-------+-------+-------+----------------------
         Total | 100.0 | 100.0 |   N/A |   N/A | 100.0 |  72.8
       Dungeon | 100.0 | 100.0 |   N/A |   N/A | 100.0 |  72.8
               +-------+-------+-------+-------+-------+----------------------

Table legend: (Time is in decaauts)
 A = Elapsed time spent in this place.
 B = Non-inter-level travel time spent in this place.
 C = Inter-level travel time spent in this place.
 D = Time resting spent in this place.
 E = Time spent auto-exploring this place.
 F = Levels seen in this place.
 G = Mean time per level.
                   A        B        C        D        E       F      G
               +--------+--------+--------+--------+--------+-----+--------+
         Total |   2874 |   2761 |    113 |    142 |   2287 |   4 |  718.5 |
       Dungeon |   2874 |   2761 |    113 |    142 |   2287 |   4 |  718.5 |
               +--------+--------+--------+--------+--------+-----+--------+

Top non-repeatable levels by time:
     D:2: 1049 daAuts
     D:1: 923 daAuts
     D:3: 858 daAuts
     D:4: 43 daAuts
